 Dungeon Crawl Stone Soup version 0.30-a0-305-g026cb31310 (webtiles) character file.

Game seed: 11552483693200901007

96 Lanoc the Insei (level 4, 0/34 HPs)
             Began as a Gnoll Transmuter on Oct 23, 2022.
             Was a Follower of Trog.
             Slain by an orc
             ... wielding a +0 dagger
              (2 damage)
             ... on level 4 of the Dungeon.
             The game lasted 00:01:15 (175 turns).

Lanoc the Insei (Gnoll Transmuter)                   Turns: 175, Time: 00:01:15

Health: 0/34       AC:  2    Str: 11    XL:     4   Next: 67%
Magic:  11/11      EV: 13    Int: 12    God:    Trog [*.....]
Gold:   11         SH:  0    Dex: 13    Spells: 12/13 levels left

rFire   . . .      SeeInvis .      - Unarmed
rCold   . . .      Faith    .    (no shield)
rNeg    . . .      Spirit   .    a - +0 robe
rPois   .          Reflect  .    (no helmet)
rElec   .          Harm     .    (no cloak)
rCorr   .          Rampage  .    (no gloves)
Will    .....                    (no boots)
Stlth   ++........               (no amulet)
HPRegen 0.25/turn                (no ring)
MPRegen 0.12/turn                (no ring)

@: on berserk cooldown
A: fangs 1, strong nose, distributed training
a: Renounce Religion, Berserk


You were on level 4 of the Dungeon.
You worshipped Trog.
Trog was aware of your devotion.
You visited 1 branch of the dungeon, and saw 4 of its levels.

You collected 11 gold pieces.

Inventory:

Armour
 a - a +0 robe (worn)
Scrolls
 c - 3 scrolls of identify {unknown}
Potions
 b - a potion of lignification


   Skills:
 + Level 2.8 Fighting
 + Level 1.2 Short Blades
 + Level 1.2 Long Blades
 + Level 1.2 Axes
 + Level 1.2 Maces & Flails
 + Level 1.2 Polearms
 + Level 1.2 Staves
 + Level 1.2 Ranged Weapons
 + Level 1.2 Throwing
 + Level 1.2 Armour
 + Level 4.7 Dodging
 + Level 1.2 Stealth
 + Level 1.2 Shields
 + Level 6.6 Unarmed Combat
 + Level 5.1 Spellcasting
 + Level 1.0 Conjurations
 + Level 1.0 Hexes
 + Level 1.0 Summonings
 + Level 1.0 Necromancy
 + Level 1.0 Translocations
 + Level 3.9 Transmutations
 + Level 1.0 Fire Magic
 + Level 1.0 Ice Magic
 + Level 1.0 Air Magic
 + Level 1.0 Earth Magic
 + Level 1.0 Poison Magic
 + Level 1.4 Invocations
 + Level 1.2 Evocations


You had 12 spell levels left.
You knew the following spells:

 Your Spells              Type           Power      Damage    Failure   Level
a - Beastly Appendage     Tmut           24%        N/A       4%          1

Your spell library contained the following spells:

 Spells                   Type           Power      Damage    Failure   Level
 Wereblood                Tmut           12%        N/A       6%          2
 Spider Form              Tmut/Pois      9%         N/A       22%         3
 Gell's Gravitas          Tloc           5%         N/A       36%         3
 Lesser Beckoning         Tloc           10%        N/A       36%         3
 Teleport Other           Tloc           5%         N/A       36%         3
 Ice Form                 Ice/Tmut       9%         N/A       56%         4


Dungeon Overview and Level Annotations

Branches:
Dungeon (4/15)
 Temple: D:4-7

Altars:
Trog


Innate Abilities, Weirdness & Mutations

You have very sharp teeth.
Your uncanny sense of smell can sniff out nearby items.
Your experience applies equally to all skills.


Message History

You add the spells Lesser Beckoning, Gell's Gravitas and Teleport Other to your library.
The kobold shouts!
The kobold misses you.
You miss the kobold. The kobold closely misses you. The kobold misses you.
You punch the kobold!
You kill the kobold!
Trog accepts your kill.
Found a short sword.
You now have 11 gold pieces (gained 6).
Things that are here:
a +0 war axe; a kobold corpse You feel yourself speed up.
A goblin comes into view. It is wielding a +0 club.
The goblin moves out of view.
Found a scroll labelled VOTROT WIGGAT.
There is a stone staircase leading down here.
You climb downwards.
The orc shouts!
The orc wizard shouts!
The orc shouts!
There is a stone staircase leading up here.
The orc priest looks encouraged for a moment.
The orc wizard closely misses you.
You completely miss the orc wizard.
You hit the orc wizard but do no damage.
The orc wizard misses you.
You hit the orc wizard.
The orc wizard is lightly wounded.
The orc wizard closely misses you.
You barely miss the orc wizard.
The orc wizard is lightly wounded.
The orc priest barely misses you.
You punch the orc!
You kill the orc!
Trog accepts your kill. The orc hits you with a +0 dagger.
The orc priest barely misses you. The orc wizard casts a spell at you.
The puff of flame hits you!
* * * LOW HITPOINT WARNING * * *
The orc wizard casts a spell at you. You resist with some effort.
The orc hits you with a +0 dagger.
You die...

## ∆
..#
##.#
...#
#..#
#..#
#o.#
#@o#
#.o#
####


You could see an orc priest, an orc wizard and an orc.

Vanquished Creatures
  A phantom (D:3)
  An adder (D:2)
  An orc (D:4)
  An endoplasm (D:1)
  A giant cockroach (D:3)
  2 goblins
  A hobgoblin (D:1)
  A quokka (D:1)
  A bat (D:3)
  A kobold (D:3)
  A rat (D:3)
12 creatures vanquished.

Notes
Turn   | Place    | Note
-------+----------+-------------------------------------------
     0 | D:1      | Lanoc the Gnoll Transmuter began the quest for the Orb.
     0 | D:1      | Reached XP level 1. HP: 17/17 MP: 6/6
    79 | D:1      | You fall into a shaft and drop 1 floor!
    81 | D:2      | Found a faded altar of an unknown god.
    90 | D:2      | Reached XP level 2. HP: 7/23 MP: 4/7
    97 | D:2      | Prayed at the altar of an unknown god.
    97 | D:2      | Became a worshipper of Trog the Wrathful
    97 | D:2      | Reached * piety under Trog
   124 | D:3      | Noticed a phantom
   132 | D:3      | HP: 1/34 [phantom (6)]
   133 | D:3      | Killed a phantom
   134 | D:3      | Reached skill level 1 in Short Blades
   134 | D:3      | Reached skill level 1 in Long Blades
   134 | D:3      | Reached skill level 1 in Axes
   134 | D:3      | Reached skill level 1 in Maces & Flails
   134 | D:3      | Reached skill level 1 in Polearms
   134 | D:3      | Reached skill level 1 in Staves
   134 | D:3      | Reached skill level 1 in Ranged Weapons
   134 | D:3      | Reached skill level 1 in Throwing
   134 | D:3      | Reached skill level 1 in Armour
   134 | D:3      | Reached skill level 1 in Stealth
   134 | D:3      | Reached skill level 1 in Shields
   134 | D:3      | Reached skill level 5 in Spellcasting
   134 | D:3      | Reached skill level 1 in Conjurations
   134 | D:3      | Reached skill level 1 in Hexes
   134 | D:3      | Reached skill level 1 in Summonings
   134 | D:3      | Reached skill level 1 in Necromancy
   134 | D:3      | Reached skill level 1 in Translocations
   134 | D:3      | Reached skill level 1 in Fire Magic
   134 | D:3      | Reached skill level 1 in Ice Magic
   134 | D:3      | Reached skill level 1 in Air Magic
   134 | D:3      | Reached skill level 1 in Earth Magic
   134 | D:3      | Reached skill level 1 in Poison Magic
   134 | D:3      | Reached skill level 1 in Invocations
   134 | D:3      | Reached skill level 1 in Evocations
   134 | D:3      | Reached XP level 3. HP: 2/28 MP: 7/9
   134 | D:3      | Reached XP level 4. HP: 3/34 MP: 8/11
   175 | D:4      | Slain by an orc

Illustrated notes

Levels and vault maps discovered:
D:1:      denvon_arrival_waterhouse, layout_basic
D:2:      layout_loops_ring, serial_rivers, chequers_serial_rivers_micro_c,
          chequers_serial_rivers_micro_a, chequers_serial_rivers_micro_b,
          chequers_serial_rivers_micro_d, chequers_serial_rivers_small_3,
          chequers_serial_rivers_room_b, hellmonk_ecumenical_altar_zigzags
D:3:      layout_basic, mainiacjoe_overflow_six_doors_small,
          ebering_ghost_reflecting_pool, minmay_increasing_density,
          uniq_crazy_yiuf_cottage
D:4:      layout_basic, trog_three_pillars_becter, minmay_temple_entry_slanted

Skill      XL: |  1  2 |
---------------+-------+-----
Short Blades   | 1 |  1.2
Long Blades    | 1 |  1.2
Axes           | 1 |  1.2
Maces & Flails | 1 |  1.2
Polearms       | 1 |  1.2
Staves         | 1 |  1.2
Ranged Weapons | 1 |  1.2
Throwing       | 1 |  1.2
Armour         | 1 |  1.2
Stealth        | 1 |  1.2
Shields        | 1 |  1.2
Spellcasting   | 5 |  5.1
Conjurations   | 1 |  1.0
Hexes          | 1 |  1.0
Summonings     | 1 |  1.0
Necromancy     | 1 |  1.0
Translocations | 1 |  1.0
Fire Magic     | 1 |  1.0
Ice Magic      | 1 |  1.0
Air Magic      | 1 |  1.0
Earth Magic    | 1 |  1.0
Poison Magic   | 1 |  1.0
Invocations    | 1 |  1.4
Evocations     | 1 |  1.2
Fighting       | |  2.8
Dodging        | |  4.7
Unarmed Combat | |  6.6
Transmutations | |  3.9

Action                   |  1- 3 |  4- 6 || total
-------------------------+-------+-------++-------
Melee: Unarmed           |    25 |    15 ||    40
       Kick              |     2 |       ||     2
       Headbutt          |     1 |       ||     1
 Cast: Beastly Appendage |     4 |       ||     4
Invok: Berserk           |     1 |       ||     1
Armor: Robe              |     6 |     2 ||     8
Dodge: Dodged            |    34 |    14 ||    48

Table legend: (Time is in decaauts)
 A = Elapsed time spent in this place.
 B = Non-inter-level travel time spent in this place.
 C = Inter-level travel time spent in this place.
 D = Time resting spent in this place.
 E = Time spent auto-exploring this place.
 F = Levels seen in this place.
 G = Mean time per level.
                   A        B        C        D        E       F      G
               +--------+--------+--------+--------+--------+-----+--------+
         Total |    179 |    157 |     22 |      0 |     33 |   4 |   44.8 |
       Dungeon |    179 |    157 |     22 |      0 |     33 |   4 |   44.8 |
               +--------+--------+--------+--------+--------+-----+--------+

Top non-repeatable levels by time:
     D:1: 77 daAuts
     D:3: 55 daAuts
     D:2: 40 daAuts
     D:4: 6 daAuts
